 Seeded DCSS version 0.30-a0-364-gf6b3ef1049 (webtiles) character file.

Game seed: 15014602633729108710 (custom seed)

2 purpskrrrp the Sneak (level 1, 0/11 HPs)
             Began as a Spriggan Delver on Nov 14, 2022.
             Slain by a gnoll
             ... wielding a +0 spear
             ... led by a gnoll bouda
              (7 damage)
             ... on level 5 of the Dungeon.
             The game lasted 00:01:18 (282 turns).

purpskrrrp the Sneak (Spriggan Delver)               Turns: 282, Time: 00:01:19

Health: 0/11       AC:  2    Str:  8    XL:     1   Next: 33%
Magic:  2/2        EV: 18    Int: 11    God:
Gold:   0          SH:  0    Dex: 22    Spells: 0/0 levels left

rFire   . . .      SeeInvis +      - Unarmed
rCold   . . .      Faith    .    (no shield)
rNeg    . . .      Spirit   .    a - +0 robe
rPois   .          Reflect  .    (helmet restricted)
rElec   .          Harm     .    (no cloak)
rCorr   .          Rampage  .    (gloves unavailable)
Will    .....                    (boots unavailable)
Stlth   ++++......               (no amulet)
HPRegen 0.21/turn                g - +6 ring of dexterity
MPRegen 0.08/turn                (no ring)

@: very quick
A: very small, no large weapons, unfitting armour, see invisible, speed 3
a: no special abilities


You were on level 5 of the Dungeon.
You visited 1 branch of the dungeon, and saw 1 of its levels.

Inventory:

Armour
 a - a +0 robe (worn)
Jewellery
 g - a +6 ring of dexterity (left hand)
Wands
 f - a wand of digging (3)
Scrolls
 b - a scroll of fog
 c - a scroll of magic mapping
 d - a scroll of fear
Potions
 e - a potion of haste


   Skills:
 + Level 2.4 Fighting
 + Level 2.8 Dodging
 + Level 7.3 Stealth
 + Level 1.6 Unarmed Combat


You couldn't memorise any spells.
You didn't know any spells.
Your spell library was empty.

Dungeon Overview and Level Annotations

Branches:
Dungeon (5/15)
 Temple: D:4-7

Altars:


Innate Abilities, Weirdness & Mutations

You are very small and have problems with some larger weapons.
You are too small for most types of armour.
You have supernaturally acute eyesight. (SInv)
You cover ground extremely quickly. (Speed+++)


Message History

You hit the dart slug but do no damage.
The dart slug is heavily wounded.
You hit the dart slug.
The dart slug is severely wounded.
The dart slug misses you.
You hit the dart slug.
The dart slug is almost dead.
The dart slug misses you.
You hit the dart slug.
You kill the dart slug!
You see here a dart slug corpse.
You open the door.
There is an open door here.
You open the door.
A phantom comes into view.
Found 2 silver javelins.
You close the door.
A black bear comes into view.
Found a glaive.
You see here a +0 glaive.
Found a scroll of magic mapping.
A hound comes into view.
The hound barks!
The hound bites you.
A gnoll comes into view. It is wielding a +0 halberd.
A gnoll comes into view. It is wielding a +0 spear.
Found a stone staircase leading down.
The gnoll shouts!
You hear a shout! x2
A gnoll comes into view. It is wielding a +0 halberd.
The gnoll shouts!
A gnoll bouda comes into view. It is wielding a +0 whip.
The gnoll closely misses you. The gnoll misses you.
Found a robe.
The gnoll bouda barks out a call to the hunt!
The gnolls pick up the pace!
The gnoll closely misses you. x2
The gnoll hits you from afar with a +0 halberd.
The gnoll hits you from afar with a +0 spear!
Ouch! That really hurt!
You die...

##.# #.# #.# #..# #.#
#.# #)## #.# #.# #
#.####.# # ##.##
#.##....... #. ...#
#.........# #.# #..#
####..##### #..##..#
#..#.###
##..@..h######......#
+.....g.gg.............
####>.g.#.#######.....#
#..#.#.# #......
#...[..# #####.#
####.### #.. #.# ##..
#.# ##... #....


You could see a gnoll bouda, a hound and 3 gnolls.

Vanquished Creatures
  A dart slug (D:5)
1 creature vanquished.

Notes
Turn   | Place    | Note
-------+----------+-------------------------------------------
     0 | D:5      | purpskrrrp the Spriggan Delver began the quest for the Orb.
     0 | D:5      | Reached XP level 1. HP: 11/11 MP: 2/2
    26 | D:5      | Noticed an orc wizard
    70 | D:5      | Noticed a hound
   164 | D:5      | Noticed a phantom
   184 | D:5      | Noticed a black bear
   251 | D:5      | Noticed a hound
   279 | D:5      | Noticed a gnoll bouda
   282 | D:5      | Slain by a gnoll

Illustrated notes

Levels and vault maps discovered:
D:5:      layout_loops_corners, nicolae_qazlal_eye_of_the_storm

Action                   || total
-------------------------++-------
Melee: Unarmed           ||     6
Dodge: Dodged            ||     8

Table legend: (Time is in decaauts)
 A = Elapsed time spent in this place.
 B = Non-inter-level travel time spent in this place.
 C = Inter-level travel time spent in this place.
 D = Time resting spent in this place.
 E = Time spent auto-exploring this place.
 F = Levels seen in this place.
 G = Mean time per level.
                   A        B        C        D        E       F      G
               +--------+--------+--------+--------+--------+-----+--------+
         Total |    173 |    173 |      0 |      0 |     15 |   1 |  173.0 |
       Dungeon |    173 |    173 |      0 |      0 |     15 |   1 |  173.0 |
               +--------+--------+--------+--------+--------+-----+--------+

Top non-repeatable levels by time:
     D:5: 173 daAuts
